 Dungeon Crawl Stone Soup version 0.27.1-34-g3ba077fa99 (webtiles) character file.

Game seed: 13841119238729996737

53 Akaron the Sneak (level 3, 0/21 HPs)
             Began as an Octopode Enchanter on Jan 23, 2022.
             Slain by a centaur (4 damage)
             ... on level 4 of the Dungeon.
             The game lasted 00:02:57 (1252 turns).

Akaron the Sneak (Octopode Enchanter)               Turns: 1252, Time: 00:02:58

Health: 0/21       AC:  1    Str:  7    XL:     3   Next: 89%
Magic:  6/6        EV: 13    Int: 17    God:
Gold:   87         SH:  0    Dex: 13    Spells: 5/6 levels left

rFire    . . .     SeeInvis .   a - +1 dagger
rCold    . . .     Faith    .   (no shield)
rNeg     . . .     Spirit   .   (helmet restricted)
rPois    .         Reflect  .   (no amulet)
rElec    .         Harm     .   (no ring)
rCorr    .         Rampage  .   (no ring)
Will     .....                  (no ring)
Stlth    ++++......             (no ring)
HPRegen  0.07/turn              (no ring)
MPRegen  0.10/turn              (no ring)
                                (no ring)
                                (no ring)

@: no status effects
A: almost no armour, amphibious, 8 rings, camouflage 1, gelatinous body 1,
(nimble swimmer 1), tentacles
a: no special abilities


You were on level 4 of the Dungeon.
You visited 1 branch of the dungeon, and saw 4 of its levels.

You collected 87 gold pieces.

Inventory:

Hand Weapons
 a - a +1 dagger (weapon)
Magical Staves
 d - a staff of conjuration
Scrolls
 e - a scroll of identify {unknown}
 g - a scroll of teleportation {unknown}
 h - 2 scrolls of immolation {unknown}
Potions
 b - a potion of ambrosia {unknown}
 c - a potion of haste {unknown}
 f - a potion of degeneration {unknown}


   Skills:
 + Level 1.1 Short Blades
 + Level 2.2 Dodging
 + Level 5.2 Stealth
 + Level 2.3 Spellcasting
 + Level 3.6 Hexes


You had 5 spell levels left.
You knew the following spells:

 Your Spells              Type           Power      Damage    Failure   Level
a - Corona                Hex            15%        N/A       4%          1

Your spell library contained the following spells:

 Spells                   Type           Power      Damage    Failure   Level
 Confusing Touch          Hex            14%        N/A       13%         3
 Tukima's Dance           Hex            14%        N/A       13%         3
 Ensorcelled Hibernation  Hex/Ice        16%        N/A       14%         2
 Dazzling Flash           Conj/Hex       16%        N/A       26%         3


Dungeon Overview and Level Annotations

Branches:
Dungeon (4/15)
 Temple: D:4-7

Altars:

Shops:
D:3 *


Innate Abilities, Weirdness & Mutations

You cannot wear most types of armour.
You are amphibious.
You can wear up to eight rings at the same time.
Your skin changes colour to match your surroundings (Stealth+).
Your rubbery body absorbs attacks. (AC +1, EV +1)
((You are camouflaged near water. (Stealth+)))
You have tentacles for arms and can constrict up to eight enemies at once.


Message History

There is an open door here.
Done exploring.
Done exploring.
Done exploring.
Done exploring.
Done exploring.
There is a stone staircase leading down here.
You climb downwards.
You hear the hiss of flowing sand.
There is an entrance to an ossuary on this level.
Hurry and find it before the portal is buried!
There is a stone staircase leading up here.
Found a leather armour.
You see here a +0 leather armour.
A centaur comes into view.
Found a slimy short sword.
The helpless centaur fails to defend itself.
You puncture the centaur!
The centaur is severely wounded.
The centaur hits you. The centaur barely misses you.
You hit the centaur.
You squeeze the centaur, but do no damage.
The centaur is severely wounded.
The centaur hits you. The centaur kicks you.
You barely miss the centaur.
The centaur is severely wounded.
The centaur hits you. The centaur barely misses you. The centaur hits you.
* * * LOW HITPOINT WARNING * * *
The centaur barely misses you.
You barely miss the centaur. You squeeze the centaur.
The centaur is almost dead.
The centaur closely misses you. x2
You hit the centaur.
The centaur is almost dead.
The centaur barely misses you. The centaur misses you.
The centaur barely misses you. The centaur kicks you.
* * * LOW HITPOINT WARNING * * *
You hit the centaur but do no damage.
The centaur is almost dead.
The centaur hits you.
You die...

##########.#
#.........)#
#.@c......
#.######## #[# #.#
#.#############
#............<#
##############.P..♣
P≈P≈. ♣≈≈≈♣


You could see a centaur.

Vanquished Creatures
  Terence (D:3)
  2 adders (D:3)
  An orc (D:3)
  A goblin (D:3)
  2 hobgoblins (D:3)
  A bat (D:1)
  A frilled lizard (D:3)
  2 kobolds (D:3)
11 creatures vanquished.

Notes
Turn   | Place    | Note
-------+----------+-------------------------------------------
     0 | D:1      | Akaron the Octopode Enchanter began the quest for the Orb.
     0 | D:1      | Reached XP level 1. HP: 11/11 MP: 3/3
   387 | D:3      | Reached XP level 2. HP: 17/17 MP: 5/5
   530 | D:3      | Reached XP level 3. HP: 16/21 MP: 6/6
   931 | D:3      | Noticed Terence
   940 | D:3      | Killed Terence
   941 | D:3      | Reached skill level 5 in Stealth
  1155 | D:3      | Found Kattar's General Store.
  1245 | D:4      | Noticed a centaur
  1252 | D:4      | Slain by a centaur

Illustrated notes

Levels and vault maps discovered:
D:1:      wander_arrival_lonely_grave, layout_basic,
          shapermc_ecumenical_altar_notcrosses, st_stairs_2,
          minmay_misc_feat_chi
D:2:      minmay_wonky_spiral, layout_rooms, basic_altar, uniq_natasha,
          uniq_robin
D:3:      layout_basic, serial_rivers, chequers_serial_rivers_room_b,
          chequers_serial_rivers_room_b, chequers_serial_rivers_room_a,
          chequers_serial_rivers_room_a, chequers_serial_rivers_micro_b,
          chequers_serial_rivers_room_a, serial_shops, nicolae_shop_crystal,
          uniq_terence
D:4:      layout_basic, nicolae_ru_the_path_less_chosen, serial_undead,
          serial_undead_e, serial_undead_d, serial_undead_b, serial_undead_c,
          serial_undead_f, serial_undead_c, serial_shops, kennysheep_mini,
          nicolae_ossuary_entry_giza, serial_bayou_pond_e

Skill      XL: |  1  2  3 |
---------------+----------+-----
Stealth        | 5 |  5.2
Short Blades   | |  1.1
Dodging        | |  2.2
Spellcasting   | |  2.3
Hexes          | |  3.6

Action                   || total
-------------------------++-------
Melee: Dagger            ||    30
       Tentacles         ||     7
       Constrict         ||     2
 Stab: Sleeping          ||     8
Armor: Skin              ||     2
Dodge: Dodged            ||    12
